 Dungeon Crawl Stone Soup version 0.22.0-38-g04b72b8 (webtiles) character file.

786 Gildeon the Magician (level 7, -2/38 HPs)
             Began as a Deep Elf Wizard on Aug 26, 2018.
             Killed by divine providence
             ... invoked by an orc priest
              (11 damage)
             ... on level 5 of the Dungeon.
             The game lasted 00:43:38 (6199 turns).

Gildeon the Magician (Deep Elf Wizard)              Turns: 6199, Time: 00:43:38

Health: -2/38      AC:  6    Str:  4    XL:     7   Next: 56%
Magic:  3/18       EV: 12    Int: 25    God:
Gold:   16         SH:  0    Dex: 13    Spells: 5/18 levels left

rFire    . . .     SeeInvis .   v - staff of cold
rCold    + . .     Gourm    .   (no shield)
rNeg     . . .     Faith    .   a - +0 robe
rPois    +         Spirit   .   u - +0 helmet
rElec    .         Reflect  .   s - +1 cloak {rPois}
rCorr    .         Harm     .   i - +0 pair of gloves
MR       .....                  (no boots)
Stlth    ++........             (no amulet)
HPRegen  0.12/turn              h - ring of poison resistance
MPRegen  0.16/turn              k - ring of flight

@: drained
A: no striking features
a: Evoke Flight


You were on level 5 of the Dungeon.
You were not hungry.

You visited 1 branch of the dungeon, and saw 5 of its levels.

You collected 142 gold pieces.
You spent 126 gold pieces at shops.

Inventory:

Hand Weapons
 l - a +2 dagger of venom
 t - the +6 spear of the Vase {flame, Int+6 Dex-2 SInv}
   (You found it on level 4 of the Dungeon)

   It has been specially enchanted to burn those struck by it, causing extra
   injury to most foes and up to half again as much damage against particularly
   susceptible opponents.
   It affects your intelligence (+6).
   It affects your dexterity (-2).
   It lets you see invisible.
Armour
 a - a +0 robe (worn)
 i - a +0 pair of gloves (worn)
 s - a +1 cloak of poison resistance (worn)
 u - a +0 helmet (worn)
Magical Staves
 v - an uncursed staff of cold (weapon)
Jewellery
 h - a ring of poison resistance (left hand)
 k - a ring of flight (right hand)
Wands
 n - a wand of polymorph (8)
 q - a wand of disintegration (12)
Scrolls
 c - a scroll of fear {unknown}
 e - 4 scrolls of teleportation {unknown}
 m - 3 scrolls of blinking
 o - 2 scrolls of remove curse
Potions
 g - 2 potions of haste
 j - a potion of invisibility
 p - a potion of curing {unknown}
 r - 2 potions of lignification {unknown}
Comestibles
 d - 6 rations
 f - 5 chunks of flesh


   Skills:
 - Level 1.0(0.1) Fighting
 - Level 1.0(0.1) Short Blades
 - Level 2.4(1.5) Dodging
 + Level 2.9(2.0) Stealth
 - Level 6.0(5.0) Spellcasting
 - Level 5.0(4.0) Conjurations
 + Level 3.7(2.8) Hexes
 + Level 2.8(1.9) Summonings
 - Level 2.0(1.1) Translocations
 - Level 2.0(1.1) Fire Magic
 - Level 1.0(0.1) Air Magic
 - Level 2.0(1.2) Poison Magic
 - Level 2.0(1.1) Evocations


You had 5 spell levels left.
You knew the following spells:

 Your Spells              Type           Power        Failure   Level  Hunger
a - Magic Dart            Conj           ####         1%          1    None
b - Blink                 Tloc           N/A          8%          2    None
c - Slow                  Hex            ###.....     3%          2    None
d - Conjure Flame         Conj/Fire      ###.....     9%          3    ##.....
e - Mephitic Cloud        Conj/Pois/Air  ###.....     12%         3    ##.....
f - Call Imp              Summ           ###.....     5%          2    None

Your spell library contained the following spells:

 Spells                   Type           Power        Failure   Level  Hunger


Dungeon Overview and Level Annotations

Branches:
Dungeon (5/15)
 Temple: D:4-7

Altars:

Shops:
D:4 ?


Message History

You feel drained.
Casting: Magic Dart (safe; 1% risk of failure)
Confirm with . or Enter, or press ? or * to list all spells.
Aiming: Magic Dart (safe; 1% risk of failure)
Press: ? - help, Shift-Dir - straight line, f/p - orc priest
Aim: an orc priest, wielding a dagger of draining and wearing a ring mail (moderately wounded)
The magic dart hits the orc priest.
The orc priest is moderately wounded.
The orc priest hits you but does no damage.
You feel drained.
Casting: Magic Dart (safe; 1% risk of failure)
Confirm with . or Enter, or press ? or * to list all spells.
Aiming: Magic Dart (safe; 1% risk of failure)
Press: ? - help, Shift-Dir - straight line, f/p - orc priest
Aim: an orc priest, wielding a dagger of draining and wearing a ring mail (moderately wounded)
The magic dart hits the orc priest.
The orc priest is moderately wounded.
The orc priest mumbles some strange prayers to Beogh against you.
Beogh smites you!
You die...

... #. #.............. ...#
#..# #..)........... ...##
#.####.............. ..o.#
#................... .
#...##...................
...
#o.o..##................
.....#.o.#
#.......รท........
#.....).###..####..........
##...##..#@### ##...##....
....# ##.o## ###.###### ##.
##.# #.##..... #.#
#######.# #.## ### #..#
####


You could see an orc priest.

Vanquished Creatures
  A scorpion (D:4)
  2 bullfrog zombies (D:4)
  A centaur zombie (D:4)
  2 hounds (D:4)
  Crazy Yiuf (D:3)
  3 orc priests
  4 orc wizards
  An iguana (D:5)
  2 worker ants (D:4)
  2 hound zombies (D:4)
  2 hound skeletons (D:4)
  Robin (D:5)
  A howler monkey skeleton (D:4)
  6 adders
  3 adder zombies (D:4)
  An adder skeleton (D:5)
  2 worms (D:4)
  3 dart slugs
  4 leopard geckos
  19 orcs
  7 bats
  3 giant cockroaches
  17 goblins
  8 hobgoblins
  5 jackals
  8 kobolds
  2 quokkas (D:2)
  3 frilled lizards
  A giant cockroach zombie (D:4)
  2 leopard gecko skeletons
  A quokka zombie (D:4)
  6 rats
124 creatures vanquished.

Notes
Turn   | Place    | Note
-------+----------+-------------------------------------------
     0 | D:1      | Gildeon the Deep Elf Wizard began the quest for the Orb.
     0 | D:1      | Reached XP level 1. HP: 10/10 MP: 7/7
   246 | D:1      | Reached XP level 2. HP: 15/15 MP: 7/9
   250 | D:1      | Learned a level 2 spell: Blink
   253 | D:1      | Learned a level 2 spell: Call Imp
   256 | D:1      | Learned a level 2 spell: Slow
   600 | D:1      | Reached skill level 5 in Spellcasting
   600 | D:1      | Reached skill level 1 in Hexes
   922 | D:1      | Reached XP level 3. HP: 19/19 MP: 6/11
   927 | D:1      | Learned a level 3 spell: Conjure Flame
  1601 | D:2      | Reached XP level 4. HP: 24/24 MP: 5/13
  1606 | D:2      | Learned a level 3 spell: Mephitic Cloud
  2389 | D:3      | Reached skill level 1 in Fire Magic
  2622 | D:3      | Reached skill level 1 in Poison Magic
  2636 | D:3      | Reached XP level 5. HP: 16/28 MP: 1/14
  3050 | D:3      | Found a runed door.
  3054 | D:3      | Noticed Crazy Yiuf
  3081 | D:3      | Killed Crazy Yiuf
  3363 | D:4      | Reached skill level 1 in Air Magic
  3487 | D:4      | Reached skill level 1 in Evocations
  3487 | D:4      | Reached XP level 6. HP: 32/32 MP: 7/15
  3904 | D:4      | Reached skill level 1 in Short Blades
  4829 | D:4      | Reached XP level 7. HP: 29/36 MP: 11/17
  4844 | D:4      | Reached skill level 5 in Conjurations
  4997 | D:4      | Got a crystal spear
  4998 | D:4      | Identified the +6 spear of the Vase {flame, Int+6 Dex-2 SInv} (You found it on level 4 of the Dungeon)
  5080 | D:4      | Found Liadez's Magic Scroll Shoppe.
  5092 | D:4      | Bought a scroll of remove curse for 36 gold pieces
  5092 | D:4      | Bought a scroll of blinking for 90 gold pieces
  5367 | D:4      | Reached skill level 1 in Fighting
  5367 | D:4      | Reached skill level 6 in Spellcasting
  5699 | D:5      | Entered Level 5 of the Dungeon
  6030 | D:5      | Noticed Robin
  6033 | D:5      | Killed Robin
  6199 | D:5      | Killed from afar by an orc priest

Skill      XL: |  1  2  3  4  5  6  7 |
---------------+----------------------+-----
Conjurations   | 2 3 4 5 |  5.0
Spellcasting   | 5 6 |  6.0
Hexes          | 1 2 3 |  3.7
Translocations | 2 |  2.0
Summonings     | 2 |  2.8
Fire Magic     | 1 2 |  2.0
Poison Magic   | 1 2 |  2.0
Air Magic      | 1 |  1.0
Evocations     | 1 2 |  2.0
Short Blades   | 1 |  1.0
Fighting       | 1 |  1.0
Dodging        | |  2.4
Stealth        | |  2.9

Action                   |  1- 3 |  4- 6 |  7- 9 || total
-------------------------+-------+-------+-------++-------
Melee: Whip              |     3 |       |       ||     3
       Dagger            |    11 |    38 |    13 ||    62
       Spear             |       |       |     7 ||     7
       Staff             |       |       |     2 ||     2
 Cast: Magic Dart        |    81 |   151 |    98 ||   330
       Conjure Flame     |       |     3 |     2 ||     5
       Mephitic Cloud    |       |     1 |       ||     1
       Slow              |       |     1 |       ||     1
       Blink             |       |     1 |       ||     1
  Use: Scroll            |     4 |     2 |       ||     6
 Stab: Sleeping          |       |     2 |     1 ||     3
  Eat: Chunk             |     2 |     5 |     1 ||     8
       Ration            |       |     2 |     1 ||     3
Armor: Robe              |     2 |    20 |    11 ||    33
Dodge: Dodged            |    15 |    56 |    21 ||    92
